 Dungeon Crawl Stone Soup version 0.26-a0-1197-gd68fa41eda (webtiles) character file.

Game seed: 9035835505893710886

82191 BuffBuff the Bludgeoner (level 15, -14/97 HPs)
             Began as a Gargoyle Fighter on Dec 28, 2020.
             Was the Champion of Okawaru.
             Blown up by an orb spider (36 damage)
             ... with an orb of destruction
             ... on level 4 of the Spider Nest.
             The game lasted 01:11:04 (18704 turns).

BuffBuff the Bludgeoner (Gargoyle Fighter)         Turns: 18704, Time: 01:11:06

Health: -14/97     AC: 51    Str: 29 (31) XL:     15   Next: 72%
Magic:  0/15       EV:  5    Int:  6 (8)  God:    Okawaru [******]
Gold:   1113       SH: 23    Dex: 16      Spells: 14/14 levels left

rFire    + + .     SeeInvis .   P - +0 morningstar (protect)
rCold    . . .     Faith    .   a - +2 tower shield of Filth {rF+}
rNeg     + + .     Spirit   .   M - +9 plate armour of Wisdom {rF+ Int+2}
rPois    ∞         Reflect  .   H - +2 hat
rElec    +         Harm     .   K - +2 cloak {rCorr}
rCorr    +         Rampage  +   D - +0 pair of gloves "Juliom" {rElec rN+ Int-4 Dex+7} (curse)
Will     +....                  R - +0 pair of boots {rampage}
Stlth    ..........             r - amulet of regeneration
HPRegen  0.66/turn              y - +6 ring of strength
MPRegen  0.14/turn              O - +4 ring of slaying

@: about to teleport, protection aura, flying
A: big wings, negative energy resistance 1, electricity resistance, unbreathing,
petrification resistance, miasma immunity, AC +11
a: Stop Flying, Renounce Religion, Heroism, Finesse


You were on level 4 of the Spider Nest.
You worshipped Okawaru.
Okawaru was exalted by your worship.
You visited 4 branches of the dungeon, and saw 19 of its levels.
You visited the Abyss 1 time.

You collected 1449 gold pieces.
You spent 336 gold pieces at shops.

Inventory:

Hand Weapons
 P - a +0 morningstar of protection (weapon)
Missiles
 g - 75 poisoned darts (quivered)
 z - 5 curare-tipped darts
Armour
 a - the +2 tower shield of Filth (worn) {rF+}
   (Okawaru gifted it to you on level 6 of the Lair of Beasts)

   It protects you from fire.
 k - a scarf of invisibility
 m - a +0 tower shield
 o - the +15 Maxwell's patent armour {-Cast -Tele rElec Will+ rCorr}
   (You found it on level 6 of the Lair of Beasts)

   It insulates you from electricity.
   It affects your willpower, your defense against some magical effects.
   It prevents spellcasting.
   It prevents most forms of teleportation.
   It provides partial protection from all sources of acid and corrosion.
 w - a +1 pair of boots of stealth
 D - the cursed +0 pair of gloves "Juliom" (worn) {rElec rN+ Int-4 Dex+7}
   (You took it off Nikola on level 1 of the Spider Nest)

   It affects your intelligence (-4).
   It affects your dexterity (+7).
   It insulates you from electricity.
   It protects you from negative energy.
   It has a curse placed upon it.
 H - a +2 hat (worn)
 I - a +0 pair of gloves
 K - a +2 cloak of preservation (worn)
 M - the +9 plate armour of Wisdom (worn) {rF+ Int+2}
   (Okawaru gifted it to you on level 5 of the Lair of Beasts)

   It affects your intelligence (+2).
   It protects you from fire.
 R - a +0 pair of boots of rampaging (worn)
Jewellery
 r - an amulet of regeneration (around neck)
 y - a +6 ring of strength (left hand)
 F - a +6 ring of strength
 O - a +4 ring of slaying (right hand)
Wands
 b - a wand of random effects (82)
 c - a wand of polymorph (19)
 j - a wand of iceblast (5)
 u - a wand of acid (10)
 x - a wand of disintegration (29)
 C - a wand of paralysis (22)
 J - a wand of flame (27)
Scrolls
 f - 7 scrolls of identify
 l - 5 scrolls of teleportation
 s - 8 scrolls of remove curse
 v - 3 scrolls of enchant weapon
 B - 2 scrolls of fog
 E - a scroll of torment {unknown}
 N - 3 scrolls of summoning {unknown}
 Q - a scroll of brand weapon {unknown}
Potions
 d - 4 potions of might
 e - a potion of cancellation {unknown}
 h - 6 potions of curing
 i - a potion of lignification
 n - 7 potions of haste
 p - 2 potions of berserk rage
 q - 2 potions of ambrosia {unknown}
 t - a potion of flight {unknown}
 A - 2 potions of heal wounds {unknown}
 G - a potion of magic {unknown}


   Skills:
 + Level 12.8 Fighting
 * Level 15.8 Maces & Flails
 + Level 12.9 Armour
 + Level 12.8 Shields
 + Level 9.5 Evocations


You had 14 spell levels left.
You didn't know any spells.
Your spell library contained the following spells:

 Spells                   Type           Power        Failure   Level
 Animate Skeleton         Necr           0%           100%        1
 Beastly Appendage        Tmut           0%           100%        1
 Magic Dart               Conj           0%           100%        1
 Pain                     Necr           0%           100%        1
 Sandblast                Erth           0%           100%        1
 Sting                    Tmut/Pois      0%           100%        1
 Blink                    Tloc           N/A          100%        2
 Call Imp                 Summ           0%           100%        2
 Passwall                 Tmut/Erth      0%           100%        2
 Poisonous Vapours        Pois/Air       0%           100%        2
 Slow                     Hex            0%           100%        2
 Swiftness                Air            0%           100%        2
 Conjure Flame            Conj/Fire      0%           100%        3
 Ignite Poison            Fire/Tmut/Pois 0%           100%        3
 Mephitic Cloud           Conj/Pois/Air  0%           100%        3
 Stone Arrow              Conj/Erth      0%           100%        3
 Vampiric Draining        Necr           0%           100%        3
 Animate Dead             Necr           0%           100%        4
 Ice Form                 Ice/Tmut       0%           100%        4
 Olgreb's Toxic Radiance  Pois           0%           100%        4
 Petrify                  Tmut/Erth      0%           100%        4
 Summon Lightning Spire   Summ/Air       0%           100%        4
 Agony                    Necr           0%           100%        5
 Bolt of Magma            Conj/Fire/Erth 0%           100%        5
 Irradiate                Conj/Tmut      0%           100%        5
 Iskenderun's Battlesphe  Conj           0%           100%        5
 Lee's Rapid Deconstruct  Erth           0%           100%        5
 Hydra Form               Tmut           0%           100%        6
 Iron Shot                Conj/Erth      0%           100%        6
 Dragon Form              Tmut           0%           100%        7
 Orb of Destruction       Conj           0%           100%        7
 Spellforged Servitor     Conj/Summ      0%           100%        7
 Statue Form              Tmut/Erth      Unusable     N/A         6

Dungeon Overview and Level Annotations

Branches:
Dungeon (8/15)             Temple (1/1) D:4            Lair (6/6) D:8
 Shoals (0/4) Lair:3       Spider (4/4) Lair:2        Slime (0/5) Lair:6

Altars:
Ashenzari
Cheibriados
Dithmenos
Elyvilon
Fedhas
Gozag
Hepliaklqana
Kikubaaqudgha
Nemelex Xobeh
Okawaru
Qazlal
Ru
Sif Muna
Trog
Uskayaw
Vehumet
Wu Jian
Xom
Yredelemnul
Zin
The Shining One
Jiyva

Shops:
D:4 [   D:5 [   D:7 ==*[

Annotations:
D:5 3 runed translucent doors, MrPhil's ghost, novice DECj
Lair:2 1 runed translucent door, Beaer's ghost, journeyman FoAK
Spider:2 1 runed translucent door, Gaequw's ghost, adept DsGl


Innate Abilities, Weirdness & Mutations

You are resistant to torment.
Your stone body is resilient. (AC +11)
You are immune to poison.
Your large and strong wings let you fly indefinitely.
You resist negative energy. (rN+)
You are resistant to electric shocks. (rElec)
You can survive without breathing.
You are immune to petrification.
You are immune to miasma.


Message History

Something stings you but does no damage.
The jumping spider leaps!
An orb of destruction comes into view.
Something unexpectedly blocked you, preventing you from rampaging!
You barely miss something. Something hits you but does no damage.
Something hits you.
* * * LOW HITPOINT WARNING * * *
You block something's attack.
Something hits you but does no damage. x2
Something stings you but does no damage.
You feel you are being watched by something.
Something hits you but does no damage. Something completely misses you.
Something stings you but does no damage.
Something unexpectedly blocked you, preventing you from rampaging!
You closely miss something.
You feel you are being watched by something.
You block something's attack. Something hits you but does no damage.
Something stings you.
* * * LOW HITPOINT WARNING * * *
The orb of destruction hits you!!!
You die...

#^##^^.#.≈^≈.....^..#...≈^^#
#.≈##.....#^.°^.#.........#.#
#.^.^.....^.......#.....#...#
#^##.....#.#..#...^....†.....
#.^^#...^#s^≈≈s≈s≈≈≈≈≈≈......
#^^#≈?...ssss☼≈≈≈≈≈≈≈≈≈≈....#
#####..#.....ss≈≈☼≈≈≈≈≈≈≈s≈≈≈...^
.†...........≈≈≈{○≈######≈≈≈s≈.#.
#####.≈#.....≈≈{@### ##≈≈≈s.^.
#.^#....^≈≈≈≈# ##≈≈≈..^
#.≈^^....≈≈≈## sy≈^..
#^^#^....≈≈≈# ≈..#^ #^^≈.....≈≈≈#
≈s #.^#.....≈≈≈≈ #†..^....≈≈≈≈
##^#...#.≈≈≈≈≈ .#^.#...≈≈≈≈


You could see a wolf spider, 2 orb spiders, a jumping spider, 2 tarantellas and
3 redbacks.

Vanquished Creatures
  Nikola (Spider:1)
  Arachne (Spider:3)
  2 ghost moths
  2 emperor scorpions
  Azrael (Spider:2)
  A spark wasp (Spider:4)
  10 hydras
  A catoblepas (Lair:5)
  2 boulder beetles
  A death yak (Lair:5)
  Nergalle (Lair:4)
  Sonja (Lair:2)
  15 wolf spiders
  6 orb spiders
  A moth of wrath (Spider:3)
  10 elephants (Lair:6)
  7 black mambas
  27 cane toads
  2 torpor snails
  A molten gargoyle (Lair:2)
  3 rime drakes
  12 komodo dragons
  8 demonic crawlers
  A troll (D:8)
  3 polar bears
  12 jumping spiders
  3 hornets
  5 tyrant leeches (Lair:6)
  23 blink frogs
  7 dream sheep (Lair:6)
  25 redbacks
  A wyvern (Lair:4)
  41 yaks
  16 tarantellas
  3 basilisks
  6 vampire mosquitoes
  3 fire elementals (Spider:2)
  3 hell hounds (Spider:2)
  11 water moccasins
  An orc warrior (D:8)
  2 black bears
  2 sky beasts
  A phantom (D:4)
  5 centaurs
  12 wolves
  5 ogres
  A big kobold (D:7)
  19 bullfrogs
  4 scorpions
  5 killer bees (D:8)
  4 wights (D:8)
  A howler monkey (D:4)
  A bullfrog zombie (D:8)
  3 electric eels
  A crimson imp (Spider:4)
  2 centaur zombies
  3 lava snakes (Lair:3)
  2 centaur skeletons
  2 jellies
  An orc priest (D:4)
  9 hounds
  4 iguanas
  2 orc wizards
  5 hell rats (Lair:2)
  6 worker ants
  A hound skeleton (D:8)
  6 gnolls (D:3)
  12 adders
  A shadow imp (D:8)
  A white imp (D:6)
  An ufetubus (D:8)
  3 worms
  2 dart slugs (D:3)
  4 leopard geckos
  19 orcs
  5 bats
  2 giant cockroaches
  6 goblins
  8 hobgoblins
  6 jackals
  21 kobolds
  3 quokkas
  A ball python (D:8)
  7 frilled lizards
  A leopard gecko skeleton (D:4)
  9 rats
501 creatures vanquished.

Vanquished Creatures (others)
  A jumping spider (Spider:1)
  A tarantella (Spider:1)
  An adder (D:7)
  40 fungi
  112 plants
155 creatures vanquished.

Grand Total: 656 creatures vanquished

Notes
Turn   | Place    | Note
-------+----------+-------------------------------------------
     0 | D:1      | BuffBuff the Gargoyle Fighter began the quest for the Orb.
     0 | D:1      | Reached XP level 1. HP: 14/14 MP: 1/1
   375 | D:1      | Reached XP level 2. HP: 18/19 MP: 2/2
   560 | D:1      | Reached XP level 3. HP: 20/23 MP: 3/3
   628 | D:1      | Found a sparkling altar of Nemelex Xobeh.
  1047 | D:2      | Reached skill level 3 in Maces & Flails
  1057 | D:2      | Reached XP level 4. HP: 5/29 MP: 4/4
  1724 | D:3      | Reached XP level 5. HP: 32/33 MP: 5/5
  2251 | D:3      | Reached skill level 4 in Maces & Flails
  2679 | D:4      | Reached XP level 6. HP: 33/38 MP: 6/6
  2683 | D:4      | Cast into level 1 of the Abyss (unwielding a weapon of
                  | distortion)
  2692 | Abyss:1  | Identified the Incunabulum of Nocuous Transmutation
  2712 | D:4      | Escaped the Abyss
  2884 | D:4      | Found Ponusch's Armour Shop.
  2892 | D:4      | Bought a +0 pair of boots of stealth for 115 gold pieces
  2892 | D:4      | Bought a +0 pair of gloves for 45 gold pieces
  2920 | D:4      | Noticed a phantom
  3016 | D:4      | Killed a phantom
  3129 | D:4      | Reached XP level 7. HP: 44/44 MP: 7/7
  3301 | D:4      | Reached skill level 5 in Maces & Flails
  3421 | D:4      | Found a staircase to the Ecumenical Temple.
  3432 | Temple   | Entered the Ecumenical Temple
  3537 | Temple   | Became a worshipper of Warmaster Okawaru
  3796 | D:4      | You fall into a shaft and drop 3 floors!
  3827 | D:7      | Reached skill level 5 in Shields
  3875 | D:7      | Reached skill level 5 in Fighting
  3875 | D:7      | Reached skill level 5 in Armour
  3886 | D:5      | Entered Level 5 of the Dungeon
  3975 | D:5      | Reached * piety under Okawaru
  3983 | D:5      | Reached XP level 8. HP: 15/50 MP: 8/8
  3989 | D:5      | Reached skill level 6 in Maces & Flails
  4575 | D:5      | Found Keclen's Antique Armour Shop.
  4646 | D:5      | Reached ** piety under Okawaru
  4711 | D:5      | Noticed MrPhil's ghost (novice DECj)
  4727 | D:5      | Found a runed translucent gate.
  4728 | D:5      | Found a runed translucent gate.
  4734 | D:5      | Found a runed translucent gate.
  5270 | D:6      | Reached skill level 7 in Maces & Flails
  5473 | D:6      | Reached XP level 9. HP: 56/56 MP: 9/9
  6064 | D:7      | Found Joskuwat's Jewellery Boutique.
  6078 | D:7      | Found Pemuumop's Jewellery Emporium.
  6089 | D:7      | Found Beteu's Assorted Antiques.
  6185 | D:7      | Found a bloodstained altar of Trog.
  6362 | D:7      | Found Hileum's Antique Armour Shoppe.
  6367 | D:7      | Bought a glowing scarf for 176 gold pieces
  6692 | D:8      | Noticed a troll
  6708 | D:8      | Killed a troll
  6723 | D:8      | Reached skill level 8 in Maces & Flails
  6726 | D:8      | Reached skill level 1 in Evocations
  6866 | D:8      | Found a staircase to the Lair.
  6883 | D:8      | Reached *** piety under Okawaru
  7161 | D:8      | Found a shadowy altar of Dithmenos.
  7270 | D:8      | Reached XP level 10. HP: 63/63 MP: 10/10
  7525 | D:8      | Reached skill level 9 in Maces & Flails
  7790 | Lair:1   | Entered Level 1 of the Lair of Beasts
  7831 | Lair:1   | Noticed a six-headed hydra
  7835 | Lair:1   | Killed a six-headed hydra
  7835 | Lair:1   | Reached **** piety under Okawaru
  7849 | Lair:1   | Noticed a cane toad
  7849 | Lair:1   | Noticed a cane toad
  7849 | Lair:1   | Noticed a cane toad
  7858 | Lair:1   | Killed a cane toad
  7871 | Lair:1   | Killed a cane toad
  7878 | Lair:1   | Killed a cane toad
  8041 | Lair:1   | Noticed a black mamba
  8052 | Lair:1   | Killed a black mamba
  8125 | Lair:1   | Noticed a six-headed hydra
  8142 | Lair:1   | Killed a six-headed hydra
  8142 | Lair:1   | Reached ***** piety under Okawaru
  8143 | Lair:1   | Reached skill level 10 in Maces & Flails
  8146 | Lair:1   | Reached XP level 11. HP: 50/69 MP: 11/11
  8843 | Lair:1   | Received a gift from Okawaru
  9388 | Lair:2   | Noticed Sonja
  9400 | Lair:2   | Killed Sonja
  9453 | Lair:2   | Reached skill level 11 in Maces & Flails
  9512 | Lair:2   | Found a hole to the Spider Nest.
  9564 | Lair:2   | Found a runed translucent door.
  9564 | Lair:2   | Noticed Beaer's ghost (journeyman FoAK)
 10434 | Lair:3   | Reached skill level 5 in Evocations
 10824 | Lair:2   | Received a gift from Okawaru
 10890 | Lair:3   | Found a staircase to the Shoals.
 11034 | Lair:3   | Noticed a six-headed hydra
 11044 | Lair:3   | Killed a six-headed hydra
 11045 | Lair:3   | Reached XP level 12. HP: 72/76 MP: 12/12
 11572 | Lair:4   | Noticed Nergalle
 11590 | Lair:4   | Killed Nergalle
 11769 | Lair:4   | Reached skill level 12 in Maces & Flails
 12042 | Lair:4   | Found a blossoming altar of Fedhas.
 12279 | Lair:4   | Reached skill level 10 in Armour
 12279 | Lair:4   | Reached skill level 10 in Shields
 12290 | Lair:4   | Reached skill level 10 in Fighting
 12560 | Lair:5   | Found a glowing silver altar of Zin.
 12664 | Lair:5   | Noticed a seven-headed hydra
 12670 | Lair:5   | Noticed a catoblepas
 12677 | Lair:5   | Killed a seven-headed hydra
 12690 | Lair:5   | Killed a catoblepas
 12690 | Lair:5   | Reached ****** piety under Okawaru
 13040 | Lair:5   | Received a gift from Okawaru
 13043 | Lair:5   | Got a spiked plate armour {god gift}
 13053 | Lair:5   | Identified the +9 plate armour of Wisdom {rF+ Int+2}
                  | (Okawaru gifted it to you on level 5 of the Lair of Beasts)
 13140 | Lair:5   | Reached XP level 13. HP: 81/83 MP: 13/13
 13469 | Lair:5   | Reached skill level 13 in Maces & Flails
 13740 | Lair:6   | Entered Level 6 of the Lair of Beasts
 14440 | Lair:6   | Received a gift from Okawaru
 14513 | Lair:6   | Got a distressingly furry tower shield {god gift}
 14535 | Lair:6   | Identified the +2 tower shield of Filth {rF+} (Okawaru
                  | gifted it to you on level 6 of the Lair of Beasts)
 14598 | Lair:6   | Gained mutation: Your large and strong wings let you fly
                  | indefinitely. [Gargoyle growth]
 14598 | Lair:6   | Reached XP level 14. HP: 90/90 MP: 14/14
 14714 | Lair:6   | Reached skill level 14 in Maces & Flails
 15401 | Lair:6   | Found the +15 Maxwell's patent armour {-Cast -Tele rElec
                  | Will+ rCorr}
 15407 | Lair:6   | Identified the Volume of Weightlessness
 15545 | Lair:6   | Found a viscous altar of Jiyva.
 15546 | Lair:6   | Found a staircase to the Slime Pits.
 15701 | Spider:1 | Entered Level 1 of the Spider Nest
 15709 | Spider:1 | Received a gift from Okawaru
 15894 | Spider:1 | Identified the cursed +0 pair of gloves "Juliom" {rElec rN+
                  | Int-4 Dex+7}
 15894 | Spider:1 | Noticed Nikola
 15926 | Spider:1 | Killed Nikola
 16613 | Spider:2 | Killed a ghost moth
 16613 | Spider:2 | Received a gift from Okawaru
 16765 | Spider:2 | Reached skill level 15 in Maces & Flails
 16835 | Spider:2 | Noticed Azrael
 16862 | Spider:2 | Killed Azrael
 16863 | Spider:2 | Reached XP level 15. HP: 89/96 MP: 15/15
 16924 | Spider:2 | Noticed an emperor scorpion
 16956 | Spider:2 | Killed an emperor scorpion
 17257 | Spider:2 | Found a runed translucent door.
 17257 | Spider:2 | Found a shimmering altar of Xom.
 17257 | Spider:2 | Noticed Gaequw's ghost (adept DsGl)
 17464 | Spider:3 | Noticed an emperor scorpion
 17497 | Spider:3 | Killed an emperor scorpion
 18022 | Spider:3 | Noticed Arachne
 18058 | Spider:3 | Killed Arachne
 18328 | Spider:4 | Entered Level 4 of the Spider Nest
 18406 | Spider:3 | Received a gift from Okawaru
 18635 | Spider:4 | Noticed an emperor scorpion
 18673 | Spider:4 | Killed a ghost moth
 18704 | Spider:4 | Blown up by an orb spider

Illustrated notes

Levels and vault maps discovered:
D:1:      dpeg_cavernosity, layout_basic, nemelex_xobeh_ov_fountains_minmay
D:2:      layout_basic, grunt_decor_junction
D:3:      layout_basic, minmay_misc_feat_more_columns,
          kennysheep_generic_room_11
D:4:      layout_loops_cross, minmay_temple_entry_hall, serial_shops,
          nicolae_shop_statue_plus, minmay_quadrilaterals
D:5:      layout_cave_pods, gammafunk_ghost_split, serial_shops,
          nicolae_shop_statue_plus, corexii_shack, hangedman_minor_gate_pass
D:6:      layout_cave_pools
D:7:      layout_loops_ring, serial_shops, shop_statue, shop, shop, shop,
          chequers_avenue, serial_bayou_ford_a, trog_hazing_becter
D:8:      layout_loops_ring, erik_lair_island, nicolae_dithmenos_the_darkroom
Temple:   kilobyte_greek_temple
Lair:1:   layout_loops_ring, st_stairs_9, grunt_megastairs_2
Lair:2:   layout_small_grid, dummy_spider_entry, hellmonk_ghost_happy_afterlife,
          serial_bayou_shore_b, uniq_sonja
Lair:3:   layout_chaotic_city, minmay_shoals_entry_centaurs
Lair:4:   layout_loops_ring, basic_altar, uniq_nergalle
Lair:5:   nzn_winding_woodlands_medium [nzn_winding_woodlands_5x5_three,
          nzn_winding_woodlands_5x15_lazy_stream,
          nzn_winding_woodlands_5x5_default, nzn_winding_woodlands_5x5_default,
          nzn_winding_woodlands_center_triple_pond,
          nzn_winding_woodlands_5x5_checkerboard,
          nzn_winding_woodlands_5x5_cross, nzn_winding_woodlands_5x15_pockets,
          nzn_winding_woodlands_5x5_perimeter], layout_big_grid, basic_altar
Lair:6:   minmay_lair_end_frog_pond, layout_loops_ring,
          dpeg_slime_entry_enclosed_altar, chequers_serial_rivers_micro_c,
          st_stairs_5
Spider:1: layout_spider_delve, hangedman_spider_tarantella_strand, uniq_nikola
Spider:2: layout_spider_delve, ebering_ghost_xom, nicolae_spider_circle_web,
          uniq_azrael
Spider:3: layout_spider_delve, uniq_arachne
Spider:4: grunt_spider_rune_island, nicolae_crawler_farm, uniq_kirke

Skill      XL: |  1  2  3  4  5  6  7  8  9 10 11 12 13 14 15 |
---------------+----------------------------------------------+-----
Maces & Flails | 3 4 5 7 8 10 11 12 13 15 | 15.8
Fighting       | 4 5 6 7 8 9 10 11 12 | 12.8
Armour         | 4 5 6 7 8 9 10 11 12 | 12.9
Shields        | 4 5 6 7 8 9 10 11 12 | 12.8
Evocations     | 2 4 5 6 7 8 9 |  9.5

Action                   |  1- 3 |  4- 6 |  7- 9 | 10-12 | 13-15 || total
-------------------------+-------+-------+-------+-------+-------++-------
Melee: Flail             |   140 |   181 |   371 |       |       ||   692
       Morningstar       |       |       |    55 |   602 |  1446 ||  2103
Throw: Dart              |       |       |       |     6 |       ||     6
Invok: Heroism           |       |       |       |     1 |     5 ||     6
 Abil: Fly               |       |       |       |       |     1 ||     1
  Use: Scroll            |       |     5 |    12 |     1 |     5 ||    23
       Potion            |       |       |       |       |     1 ||     1
 Stab: Petrified         |       |       |       |     1 |       ||     1
Armor: Scale mail        |    98 |    68 |       |       |       ||   166
       Plate armour      |       |    33 |   221 |   328 |  1080 ||  1662
Dodge: Dodged            |    43 |    46 |    39 |    94 |   234 ||   456
Block: Kite shield       |    71 |    86 |     8 |       |       ||   165
       Tower shield      |       |       |   410 |   716 |  1775 ||  2901

Table legend: (Time is in decaauts)
 A = Elapsed time spent in this place.
 B = Non-inter-level travel time spent in this place.
 C = Inter-level travel time spent in this place.
 D = Time resting spent in this place.
 E = Time spent auto-exploring this place.
 F = Levels seen in this place.
 G = Mean time per level.
                   A        B        C        D        E       F      G
               +--------+--------+--------+--------+--------+-----+--------+
         Total |  18789 |  18267 |    522 |   3509 |   9356 |  20 |  939.5 |
       Dungeon |   7731 |   7515 |    216 |   1345 |   4192 |   8 |  966.4 |
        Temple |    223 |    175 |     48 |      0 |    159 |   1 |  223.0 |
          Lair |   7908 |   7710 |    198 |   1818 |   3641 |   6 | 1318.0 |
   Spider Nest |   2897 |   2837 |     60 |    346 |   1364 |   4 |  724.2 |
         Abyss |     28 |     28 |      0 |      0 |      0 |   1 |   28.0 |
               +--------+--------+--------+--------+--------+-----+--------+

Top non-repeatable levels by time:
  Lair:5: 1760 daAuts
  Lair:2: 1595 daAuts
  Lair:6: 1378 daAuts
     D:5: 1266 daAuts
  Lair:1: 1235 daAuts
     D:8: 1127 daAuts
     D:4: 1007 daAuts
  Lair:3: 1007 daAuts
     D:3: 995 daAuts
Spider:3: 963 daAuts
Spider:2: 956 daAuts
  Lair:4: 931 daAuts
     D:7: 913 daAuts
     D:2: 875 daAuts
     D:1: 873 daAuts
